 Dungeon Crawl Stone Soup version 0.31.0-12-g77e489cdc1 (webtiles) character file.

Game seed: 14672344352600520426

1535 ChrisAssaf the Cutter (level 8, 0/61 HPs)
             Began as a Human Chaos Knight on Feb 26, 2024.
             Was a Plaything of Xom.
             Engulfed by a steam dragon (shapeshifter)'s steam (6 damage)
             ... on level 6 of the Dungeon.
             The game lasted 00:16:29 (4284 turns).

ChrisAssaf the Cutter (Human Chaos Knight)          Turns: 4284, Time: 00:16:30

Health: 0/61       AC:  9    Str: 14    XL:     8   Next: 86%
Magic:  8/8        EV: 14    Int: 10    God:    Xom [......]
Gold:   329        SH:  0    Dex: 18    Spells: 7/7 levels left

rFire   . . .        a - +1 short sword (heavy)
rCold   . . .        e - +1 kite shield
rNeg    + . .        r - +1 scale mail of the Equinox {Int-5 Dex+5 SInv}
rPois   .            (no helmet)
rElec   .            m - +0 cloak "Noddurpha" {Regen+}
rCorr   .            (no gloves)
SInv    +            (no boots)
Will    .....        s - amulet of Veekhin {RegenMP rN+ Str+2} Stlth
                     f - +5 ring of evasion
HPRegen 1.10/turn    (no ring)
MPRegen 0.51/turn

%: no passive effects
@: confused, ambrosia-drunk
A: explore regen
a: Renounce Religion


You were on level 6 of the Dungeon.
You worshipped Xom.
You were a very special plaything of Xom.
You visited 1 branch of the dungeon, and saw 6 of its levels.

You collected 329 gold pieces.

Inventory:

Hand Weapons
 a - a +1 heavy short sword (weapon)
Missiles
 b - a javelin (quivered)
Armour
 e - a +1 kite shield (worn)
 m - the +0 cloak "Noddurpha" (worn) {Regen+}
   (You found it on level 2 of the Dungeon)

   Regen+:    It increases your rate of health regeneration.
 r - the +1 scale mail of the Equinox (worn) {Int-5 Dex+5 SInv}
   (You found it on level 4 of the Dungeon)

   Int-5:     It affects your intelligence (-5).
   Dex+5:     It affects your dexterity (+5).
   SInv:      It lets you see invisible.
Jewellery
 d - an amulet of reflection
 f - a +5 ring of evasion (left hand)
 s - the amulet of Veekhin (around neck) {RegenMP rN+ Str+2}
   (You took it off a gnoll on level 4 of the Dungeon)

   [amulet of magic regeneration]

   RegenMP:   It increases your rate of magic regeneration.
   Str+2:     It affects your strength (+2).
   rN+:       It protects you from negative energy.
Talismans
 c - a flux talisman
Wands
 l - a wand of paralysis (1)
 t - a wand of polymorph (8)
Scrolls
 h - 5 scrolls of teleportation
Potions
 g - 2 potions of heal wounds {unknown}
 i - a potion of might {unknown}
 j - a potion of attraction {unknown}
 k - 4 potions of curing {unknown}
 n - a potion of mutation {unknown}
 o - a potion of ambrosia
 p - a potion of enlightenment {unknown}
 q - a potion of invisibility {unknown}
 u - a potion of berserk rage {unknown}


   Skills:
 * Level 4.4 Fighting
 * Level 5.9 Short Blades
 * Level 2.6 Throwing
 * Level 3.7 Armour
 * Level 3.1 Dodging
 * Level 3.3 Stealth
 * Level 4.7 Shields
 * Level 1.9 Evocations
 * Level 2.1 Shapeshifting


You had 7 spell levels left.
You didn't know any spells.
Your spell library contained the following spells:

 Spells                   Type           Power      Damage    Failure   Level
 Blink                    Tloc           0%         N/A       100%        2
 Lesser Beckoning         Tloc           0%         N/A       100%        2
 Momentum Strike          Conj/Tloc      0%         3d8       100%        2
 Hailstorm                Conj/Ice       0%         3d5       100%        3
 Summon Ice Beast         Ice/Summ       0%         N/A       100%        3
 Sculpt Simulacrum        Ice/Alch       0%         N/A       100%        6


Dungeon Overview and Level Annotations

Branches:
Dungeon (6/15)             Temple (0/1) D:5

Altars:
Fedhas
Okawaru
Qazlal
Xom
Yredelemnul
Zin


Innate Abilities, Weirdness & Mutations

You regain HP and MP as you explore.


Message History

Something hits the orc warrior but does no damage.
You block the orc warrior's attack.
You barely miss the wolf.
The wolf is heavily wounded.
The wolf bites you but does no damage. The wolf closely misses you.
Something hits the orc warrior but does no damage.
The orc warrior closely misses you. You block the wolf's attack.
You puncture the wolf!
The wolf is severely wounded.
The wolf changes into a steam dragon!
The orc warrior hits you but does no damage.
Something hits the orc warrior but does no damage.
You block the orc warrior's attack.
You closely miss the steam dragon.
The steam dragon is severely wounded.
You block the steam dragon's attack. The steam dragon barely misses you.
You block the orc warrior's attack.
You hit the steam dragon.
The steam dragon is almost dead.
The steam dragon breathes steam at you. The ball of steam hits you!!
* * * LOW HITPOINT WARNING * * *
The orc warrior hits you from afar with a +0 halberd!
* * * LOW HITPOINT WARNING * * *
You are confused.
You feel invigorated.
You are engulfed in a cloud of scalding steam.
* * * LOW HITPOINT WARNING * * *
Xom opens a gate.
You are now a very special plaything of Xom.
The steam dragon closely misses you. x2
Something hits the orc warrior but does no damage.
The orc warrior completely misses you.
Press: ? - help, v - describe, . - travel
Here: a chaos spawn (summoned, friendly)
The floor.
You bump into the rock wall.
You are engulfed in a cloud of scalding steam.
You die... "It's all fun and games until someone loses an eye."

#........# #.#..
#.......o# #.#..
#........# #....
#.......o# ###.#
#........# #.#
o.....o.o######
###.#
.####..ooo.)o4#
#...# #########D#
#.### #@# #.#..
#§# #.#.#
#§############.#.#
#................#
##############.###
#.... #####


You could see a steam dragon shaped shifter (catching breath, ally target), an
orc warrior and a friendly chaos spawn (summoned).

Vanquished Creatures
  Pikel (D:4)
  Sigmund (D:4)
  A human (D:5)
  A black bear (D:4)
  An ice beast (D:6)
  A lemure (D:4)
  2 phantoms
  A kobold brigand (D:6)
  A gnoll sergeant (D:4)
  A bombardier beetle (D:4)
  A jelly (D:5)
  A sleepcap (D:6)
  2 orc wizards
  3 iguanas
  8 gnolls
  6 adders
  2 shadow imps (D:5)
  2 ufetubi (D:6)
  A ribbon worm (D:2)
  11 orcs
  6 bats
  7 endoplasms
  6 giant cockroaches
  7 goblins
  3 hobgoblins
  11 jackals
  A quokka (D:3)
  5 ball pythons
  4 frilled lizards
  A jackal zombie (D:5)
  6 kobolds
  6 rats
111 creatures vanquished.

Vanquished Creatures (collateral kills)
  A gnoll (D:3)
1 creature vanquished.

Grand Total: 112 creatures vanquished

Notes
Turn   | Place    | Note
-------+----------+-------------------------------------------
     0 | D:1      | ChrisAssaf the Human Chaos Knight began the quest for the
                  | Orb.
     0 | D:1      | Reached XP level 1. HP: 18/18 MP: 1/1
   129 | D:1      | XOM: potion effect (haste)
   135 | D:1      | Reached XP level 2. HP: 19/24 MP: 2/2
   354 | D:1      | XOM: silly message
   359 | D:1      | Reached XP level 3. HP: 29/29 MP: 3/3
   705 | D:1      | XOM: silly message
   924 | D:2      | XOM: silly message
   988 | D:2      | Identified the +0 cloak "Noddurpha" {Regen+}
  1406 | D:3      | XOM: stealth player
  1421 | D:3      | XOM: silly message
  1450 | D:3      | Reached XP level 4. HP: 35/35 MP: 4/4
  1454 | D:3      | XOM: silly message
  1463 | D:3      | Reached skill level 1 in Shields
  1486 | D:3      | Reached skill level 1 in Stealth
  1640 | D:3      | Found a shimmering altar of Xom.
  1744 | D:3      | Reached skill level 4 in Short Blades
  1745 | D:3      | XOM: divination: detect items
  1760 | D:3      | Reached XP level 5. HP: 33/41 MP: 5/5
  1998 | D:3      | Found an iron altar of Okawaru.
  1998 | D:3      | Found a glowing silver altar of Zin.
  2185 | D:4      | XOM: smoke on damage
  2237 | D:4      | Found a blossoming altar of Fedhas.
  2248 | D:4      | Noticed a lemure
  2248 | D:4      | Noticed a lemure
  2248 | D:4      | Noticed Pikel
  2248 | D:4      | Noticed a lemure
  2249 | D:4      | Noticed a lemure
  2257 | D:4      | XOM: noise
  2288 | D:4      | XOM: cast spell 'Olgreb's Toxic Radiance'
  2288 | D:4      | Paralysed by Pikel for 2 turns
  2307 | D:4      | Killed a lemure
  2309 | D:4      | XOM: confuse monster(s)
  2310 | D:4      | Killed Pikel
  2311 | D:4      | Reached skill level 5 in Short Blades
  2311 | D:4      | Reached skill level 1 in Throwing
  2311 | D:4      | Reached skill level 1 in Shapeshifting
  2311 | D:4      | Reached XP level 6. HP: 48/48 MP: 6/6
  2311 | D:4      | Reached XP level 7. HP: 53/53 MP: 7/7
  2401 | D:4      | XOM: noise
  2440 | D:4      | Identified the +1 scale mail of the Equinox {Int-5 Dex+5
                  | SInv}
  2453 | D:4      | XOM: enchant monster (bad)
  2579 | D:4      | Noticed Sigmund
  2579 | D:4      | XOM: enchant monster (bad)
  2585 | D:4      | Killed Sigmund
  2586 | D:4      | Reached skill level 1 in Evocations
  2586 | D:4      | Reached XP level 8. HP: 58/60 MP: 8/8
  2699 | D:4      | Identified the amulet of Veekhin {RegenMP rN+ Str+2}
  2712 | D:4      | XOM: enchant monster (good)
  3146 | D:5      | Entered Level 5 of the Dungeon
  3165 | D:5      | XOM: silly message
  3385 | D:5      | Found a runed translucent door.
  3395 | D:5      | Found a basalt altar of Yredelemnul.
  3484 | D:5      | Found a staircase to the Ecumenical Temple.
  3600 | D:5      | XOM: god gift: javelin
  3748 | D:5      | Found a stormy altar of Qazlal.
  4265 | D:6      | XOM: confuse monster(s)
  4269 | D:6      | a scorpion changed into a shapeshifter
  4269 | D:6      | Noticed a shapeshifter (shapeshifter)
  4269 | D:6      | XOM: polymorph scorpion -> shapeshifter
  4269 | D:6      | a shapeshifter changed into a wolf
  4282 | D:6      | HP: 2/61 [orc warrior/+0 halberd (13)]
  4283 | D:6      | XOM: summons friendly chaos spawn
  4284 | D:6      | Engulfed by a steam dragon (shapeshifter)'s steam

Illustrated notes

Levels and vault maps discovered:
D:1:      psy_arrival_conway, layout_rooms
D:2:      layout_loops_ring
D:3:      layout_loops_ring, brannock_xom_greatest_gift,
          gammafunk_temple_overflow_elements
D:4:      layout_basic, general_overflow_altar,
          hangedman_abyss_or_decor_stagger, uniq_pikel, uniq_sigmund
D:5:      layout_gridville, dk_yredelemnul_ordeal,
          nicolae_qazlal_eye_of_the_storm, minmay_temple_entry_butterflies
D:6:      minmay_evil_eye, layout_basic, kennysheep_generic_room_12

Skill      XL: |  1  2  3  4  5  6  7  8 |
---------------+-------------------------+-----
Shields        | 1 3 4 |  4.7
Stealth        | 1 2 3 |  3.3
Short Blades   | 4 5 |  5.9
Dodging        | 2 3 |  3.1
Throwing       | 1 2 |  2.6
Armour         | 3 |  3.7
Shapeshifting  | 1 2 |  2.1
Fighting       | 4 |  4.4
Evocations     | 1 |  1.9

Action                     |  1- 3 |  4- 6 |  7- 9 || total
---------------------------+-------+-------+-------++-------
  Melee: Short sword       |   159 |   131 |   228 ||   518
         Punch             |     1 |       |       ||     1
  Throw: Throwing net      |       |       |     1 ||     1
         Javelin           |       |       |     2 ||     2
  Evoke: Wand              |       |       |     5 ||     5
    Use: Scroll            |     5 |     3 |     3 ||    11
         Potion            |       |       |     1 ||     1
   Stab: Paralysed         |     1 |     1 |     9 ||    11
         Confused          |     1 |       |     1 ||     2
         Petrified         |       |     2 |       ||     2
         Held in net/web   |       |       |     2 ||     2
 Armour: Leather armour    |    42 |    24 |     6 ||    72
         Scale mail        |       |       |   100 ||   100
  Dodge: Dodged            |    86 |    38 |   132 ||   256
  Block: Other             |    11 |       |       ||    11
         Kite shield       |    70 |    85 |   154 ||   309
         Reflection        |     2 |       |       ||     2
